 Dungeon Crawl Stone Soup version 0.21.1-1-g345015f (webtiles) character file.

30 sendhelp the Firebug (level 3, 0/28 HPs)
             Began as a Draconian Fire Elementalist on Apr 17, 2018.
             Succumbed to an adder's poison
             ... on level 2 of the Dungeon.
             The game lasted 00:04:20 (1313 turns).

sendhelp the Firebug (Draconian Fire Elementalist)  Turns: 1313, Time: 00:04:21

Health: 0/28       AC:  5    Str: 11    XL:     3   Next: 5%
Magic:  2/6        EV: 13    Int: 15    God:
Gold:   16         SH:  0    Dex: 16    Spells: 3/6 levels left

rFire    . . .     SeeInvis .   (no weapon)
rCold    . . .     Gourm    .   (no shield)
rNeg     . . .     Faith    .   (armour unavailable)
rPois    .         Spirit   .   (helmet restricted)
rElec    .         Reflect  .   (no cloak)
rCorr    .         Harm     .   (no gloves)
MR       .....                  (no boots)
Stlth    +++.......             (no amulet)
HPRegen  0.09/turn              c - +5 ring of dexterity (curse)
MPRegen  0.10/turn              k - ring of stealth

@: lethally poisoned (0 -> -4)
A: unfitting armour, cold-blooded, AC +5
a: no special abilities


You were on level 2 of the Dungeon.
You were hungry.

You visited 1 branch of the dungeon, and saw 2 of its levels.

You collected 16 gold pieces.

Inventory:

Missiles
 i - 25 stones (quivered)
 o - 17 poisoned needles
 q - 27 bolts
Armour
 h - a +0 robe
 j - a cursed +0 robe
Jewellery
 c - a cursed +5 ring of dexterity (left hand)
 k - a ring of stealth (right hand)
Scrolls
 e - a scroll of remove curse {unknown}
 f - a scroll of enchant armour {unknown}
 r - 2 scrolls of magic mapping {unknown}
 s - a scroll of identify {unknown}
Potions
 d - 2 potions of degeneration {unknown}
 g - 2 potions of curing {unknown}
 l - a potion of magic {unknown}
 m - a potion of haste {unknown}
 n - a potion of might {unknown}
Books
 a - a book of Flames

   Spells                             Type                      Level
   a - Flame Tongue                   Conjuration/Fire             1
   b - Throw Flame                    Conjuration/Fire             2
   c - Conjure Flame                  Conjuration/Fire             3
   d - Inner Flame                    Hexes/Fire                   3
   e - Sticky Flame                   Conjuration/Fire             4
   f - Fireball                       Conjuration/Fire             5
Comestibles
 b - 2 rations
 p - a chunk of flesh


   Skills:
 + Level 1.2 Fighting
 + Level 2.1 Dodging
 - Level 1.7 Stealth
 + Level 2.3 Spellcasting
 - Level 1.0 Conjurations
 + Level 3.3 Fire Magic


You had 3 spell levels left.
You knew the following spells:

 Your Spells              Type           Power        Failure   Level  Hunger
a - Flame Tongue          Conj/Fire      #....        9%          1    #......
b - Throw Flame           Conj/Fire      #.....       13%         2    ###....


Dungeon Overview and Level Annotations

Branches:
Dungeon (2/15)

Altars:


Innate Abilities, Weirdness & Mutations

Your plain brown scales are hard. (AC +5)
You cannot fit into any form of body armour.
You are cold-blooded and may be slowed by cold attacks.


Message History

The adder misses you.
You hit the adder.
You kill the adder!
You have reached level 3!
Your experience leads to an increase in your attributes!
Your base attributes are Str 10, Int 15, Dex 11.
Increase (S)trength, (I)ntelligence, or (D)exterity?
You feel stronger.
Your scales feel tougher.
* * * LOW HITPOINT WARNING * * *
You feel sick.
You see here an adder corpse.
There are no objects that can be picked up here. an adder corpse
* * * LOW HITPOINT WARNING * * *
You feel sick.
You see here an adder corpse.
You butcher the adder corpse.
You see here a chunk of flesh.
There is a lethal amount of poison in your body!
You die...

##..............#..###
......)..........#....##
............##......#...
.###.####....#.##.......
# #....#.# #...#..
##.#.#....##.......
..............<....
...............##.
.###.......%@...#
..................#
.##.....#.........#
..#....#.######...
....#..#..# #.
....###.... ..... #....#


There were no monsters in sight!

Vanquished Creatures
  An adder (D:2)
  2 dart slugs (D:1)
  A leopard gecko (D:2)
  A ball python (D:1)
  3 bats
  3 hobgoblins (D:1)
  2 frilled lizards
  2 kobolds (D:1)
  4 rats
19 creatures vanquished.

Notes
Turn   | Place    | Note
-------+----------+-------------------------------------------
     0 | D:1      | sendhelp the Draconian Fire Elementalist began the quest for the Orb.
     0 | D:1      | Reached XP level 1. HP: 14/14 MP: 3/3
   246 | D:1      | Reached XP level 2. HP: 20/22 MP: 5/5
   941 | D:1      | Reached skill level 1 in Fighting
   954 | D:1      | Learned a level 2 spell: Throw Flame
  1308 | D:2      | Reached XP level 3. HP: 3/28 MP: 1/6
  1310 | D:2      | HP: 1/28 [poisoned by an adder]
  1313 | D:2      | Succumbed to an adder's poison

Skill      XL: |  1  2 |
---------------+-------+-----
Dodging        | 2 |  2.1
Fighting       | 1 |  1.2
Stealth        | |  1.7
Spellcasting   | |  2.3
Conjurations   | |  1.0
Fire Magic     | |  3.3

Action                   || total
-------------------------++-------
Melee: Unarmed           ||    69
       Tailslap          ||    10
 Cast: Flame Tongue      ||    12
       Throw Flame       ||     4
  Eat: Chunk             ||     1
Armor: Skin              ||    22
Dodge: Dodged            ||    63
